 Dungeon Crawl Stone Soup version bcrawl-1.19.1 (webtiles) character file.

Game seed: 2961044620180138645

89 Revguard the Insei (level 4, -2/33 HPs)
             Began as a Demonspawn Transmuter on Nov 28, 2019.
             Slain by a worker ant (5 damage)
             ... on level 3 of the Dungeon.
             The game lasted 00:06:22 (2033 turns).

Revguard the Insei (Demonspawn Transmuter)          Turns: 2033, Time: 00:06:23

Health: -2/33      AC: 11    Str:  7 (10) XL:     4   Next: 31%
Magic:  4/7        EV: 12    Int: 12 (14) God:
Gold:   127        SH:  0    Dex: 13 (15) Spells: 2/8 levels left

rFire    + . .     SeeInvis +     - Unarmed
rCold    x . .     Gourm    .   (no shield)
rNeg     . . .     Faith    .   b - +0 robe
rPois    .         Spirit   .   c - +2 hat
rElec    .         Reflect  .   (no cloak)
rCorr    .         Harm     .   i - +0 pair of gloves
MR       .....                  (no boots)
Stlth    +.........             (no amulet)
HPRegen  0.11/turn              e - ring of see invisible
MPRegen  0.10/turn              m - ring of fire

@: lethally poisoned (-2 -> -4), appendage, sanguine armour
A: horns 2, foul stench 1, rot immunity, sanguine armour 1
a: End Transformation


You were on level 3 of the Dungeon.
You were not hungry.
You had grown temporary horns.
You visited 1 branch of the dungeon, and saw 3 of its levels.

You collected 127 gold pieces.

Inventory:

Missiles
 a - 170 arrows (quivered)
Armour
 b - a +0 robe (worn)
 c - a +2 hat (worn)
 i - a +0 pair of gloves (worn)
Jewellery
 e - a ring of see invisible (left hand)
 m - a ring of fire (right hand)
Scrolls
 h - a scroll of teleportation
Potions
 d - a potion of magic {unknown}
 j - a potion of agility
Comestibles
 f - 5 rations {!d}
 g - 2 chunks of flesh


   Skills:
 * Level 2.0 Fighting
 + Level 2.1 Dodging
 + Level 3.5 Unarmed Combat
 + Level 2.5 Spellcasting
 + Level 2.2 Transmutations
 * Level 0.2 Poison Magic


You had 2 spell levels left.
You knew the following spells:

 Your Spells              Type           Power        Failure   Level  Hunger
a - Beastly Appendage     Tmut           #.....       11%         1    #......
b - Sticks to Snakes      Tmut           #.......     16%         2    ###....
c - Spider Form           Tmut/Pois      #..          43%         3    ###....

Your spell library contained the following spells:

 Spells                   Type           Power        Failure   Level  Hunger
 Ice Form                 Ice/Tmut       #.......     85%         4    #####..
 Blade Hands              Tmut           #.........   96%         5    ######.


Dungeon Overview and Level Annotations

Branches:
Dungeon (3/12)

Altars:


Innate Abilities, Weirdness & Mutations

You may emit foul miasma when damaged in melee.
You are immune to rotting.
When seriously injured, your bleeding wounds create armour. (AC +6)
You have a pair of horns on your head.


Message History

The worker ant is heavily wounded.
The worker ant closely misses you.
Casting: Beastly Appendage (safe; 11% risk of failure)
Confirm with . or Enter, or press ? or * to list all spells.
You create a snake!
You now have arrows for 17 snakes.
You feel sick. The worker ant bites you.
* * * LOW HITPOINT WARNING * * *
You hit the worker ant but do no damage.
The worker ant is heavily wounded.
The worker ant bites you but does no damage.
Your adder barely misses the worker ant.
You hit the worker ant but do no damage.
The worker ant is heavily wounded.
The worker ant closely misses you.
Your adder closely misses the worker ant.
You closely miss the worker ant.
The worker ant is heavily wounded.
* * * LOW HITPOINT WARNING * * *
You feel sick. The worker ant bites you.
You die...

#.......# # #.##....#
#.#.# .)..#
####+####.#.###...#
.......#.#.......# ....>
#.........# .S.
#.........#
.######a####.........#
.......@...#.........#
...........#......)..#
...........#.........#
#########.#........<#..#
#.........#.###.....#.>#
###########.#.......#[##
#.#.#....##.#
#.#.......#.#
#.#######.#.#


You could see a worker ant and a friendly adder.

Vanquished Creatures
  A worker ant (D:2)
  An adder (D:2)
  An ooze (D:2)
  2 worms (D:2)
  A dart slug (D:2)
  3 leopard geckos
  3 giant cockroaches
  3 goblins
  A hobgoblin (D:1)
  3 ball pythons (D:2)
  6 bats
  7 frilled lizards (D:1)
  10 kobolds
  A rat (D:1)
43 creatures vanquished.

Vanquished Creatures (collateral kills)
  A rat (D:2)
1 creature vanquished.

Grand Total: 44 creatures vanquished

Notes
Turn   | Place    | Note
-------+----------+-------------------------------------------
     0 | D:1      | Revguard the Demonspawn Transmuter began the quest for the
                  | Orb.
     0 | D:1      | Reached XP level 1. HP: 15/15 MP: 3/3
   192 | D:1      | Gained mutation: You are immune to rotting. [demonic
                  | ancestry]
   192 | D:1      | Reached XP level 2. HP: 20/21 MP: 3/5
   253 | D:1      | Reached skill level 3 in Unarmed Combat
   333 | D:1      | Learned a level 2 spell: Sticks to Snakes
   978 | D:2      | Gained mutation: When seriously injured, your bleeding
                  | wounds create armour. (AC +6) [demonic ancestry]
   978 | D:2      | Reached XP level 3. HP: 11/27 MP: 1/6
  1325 | D:2      | Learned a level 3 spell: Spider Form
  1649 | D:2      | Gained mutation: You may emit foul miasma when damaged in
                  | melee. [demonic ancestry]
  1649 | D:2      | Reached XP level 4. HP: 32/33 MP: 7/7
  2033 | D:3      | Slain by a worker ant

Skill      XL: |  1  2  3  4 |
---------------+-------------+-----
Unarmed Combat | 3 |  3.5
Dodging        | 2 |  2.1
Transmutations | 2 |  2.2
Fighting       | 2 |  2.0
Spellcasting   | |  2.5
Poison Magic   | |  0.2

Action                   |  1- 3 |  4- 6 || total
-------------------------+-------+-------++-------
Melee: Unarmed           |   111 |    42 ||   153
       Headbutt          |     3 |     1 ||     4
       Kick              |     5 |     4 ||     9
 Cast: Beastly Appendage |    16 |     8 ||    24
       Sticks to Snakes  |     2 |     1 ||     3
       Spider Form       |     2 |     1 ||     3
  Use: Potion            |     1 |     2 ||     3
       Scroll            |       |     4 ||     4
 Stab: Sleeping          |       |     1 ||     1
  Eat: Chunk             |     3 |     2 ||     5
Armor: Robe              |    31 |    12 ||    43
       Skin              |    12 |     2 ||    14
Dodge: Dodged            |    67 |    28 ||    95
